 Dungeon Crawl Stone Soup version 0.26-a0-778-g3fe0686644 (webtiles) character file.

Game seed: 8133305927089080029

101 somkeydreadnuts the Digger (level 4, -1/24 HPs)
             Began as a Deep Elf Earth Elementalist on Nov 10, 2020.
             Slain by a goblin (4 damage)
             ... led by Robin
             ... on level 2 of the Dungeon.
             The game lasted 00:06:37 (2460 turns).

somkeydreadnuts the Digger (DEEE)                   Turns: 2460, Time: 00:06:37

Health: -1/24      AC:  2    Str:  2 (5)  XL:     4   Next: 48%
Magic:  0/10       EV: 13    Int: 20 (21) God:
Gold:   131        SH:  0    Dex: 15      Spells: 8/9 levels left

rFire    . . .     SeeInvis .   d - +0 dagger
rCold    . . .     Faith    .   (no shield)
rNeg     . . .     Spirit   .   c - +0 robe
rPois    .         Reflect  .   (no helmet)
rElec    .         Harm     .   (no cloak)
rCorr    .         Rampage  .   (no gloves)
MR       .....                  (no boots)
Stlth    ++........             (no amulet)
HPRegen  0.08/turn              (no ring)
MPRegen  0.12/turn              (no ring)

@: no status effects
A: no striking features
a: no special abilities


You were on level 2 of the Dungeon.
You visited 1 branch of the dungeon, and saw 2 of its levels.

You collected 131 gold pieces.

Inventory:

Hand Weapons
 d - a +0 dagger (weapon)
Missiles
 b - 30 stones (quivered)
Armour
 c - a +0 robe (worn)
Scrolls
 i - a scroll of remove curse {unknown}
 k - a scroll of teleportation {unknown}
 l - 2 scrolls of identify {unknown}
 m - a scroll of enchant weapon {unknown}
Potions
 a - a potion of magic {unknown}
 e - a potion of curing
 f - 2 potions of flight
 h - a potion of resistance


   Skills:
 - Level 1.0 Short Blades
 - Level 2.4 Dodging
 - Level 2.4 Stealth
 - Level 3.0 Spellcasting
   Level 1.1 Transmutations
 + Level 5.6 Earth Magic


You had 8 spell levels left.
You knew the following spells:

 Your Spells              Type           Power        Failure   Level
a - Sandblast             Erth           ####..       1%          1

Your spell library contained the following spells:

 Spells                   Type           Power        Failure   Level
 Passwall                 Tmut/Erth      ###.....     5%          2
 Stone Arrow              Conj/Erth      ##....       13%         3
 Petrify                  Tmut/Erth      ###.....     34%         4
 Lee's Rapid Deconstruct  Erth           ####......   36%         5


Dungeon Overview and Level Annotations

Branches:
Dungeon (2/15)

Altars:
Okawaru


Message History

The blast of sand hits Robin!
You kill Robin!
b - 30 stones The goblin no longer looks unusually strong.
The hobgoblin no longer looks unusually strong.
The goblin hits you but does no damage.
You hit the goblin.
The goblin is severely wounded.
The goblin barely misses you. The goblin hits you.
* * * LOW HITPOINT WARNING * * *
You closely miss the goblin.
The goblin is severely wounded.
The goblin hits you with a +0 dagger.
* * * LOW HITPOINT WARNING * * *
The goblin hits you.
* * * LOW HITPOINT WARNING * * *
You hit the goblin.
You kill the goblin!
The goblin hits you.
You die...

##########........
#...........#...#.
#.########.#......
#.# #.#######
###.# #>#
##.#.########.#
#.............#
##.#)########## #
#@# #g# #g# #†#
#..†...# ###.##.#
#.# # #.# #.#


You could see a hobgoblin and a goblin.

Vanquished Creatures
  Natasha (D:2)
  Robin (D:2)
  An ooze (D:2)
  A worm (D:2)
  A dart slug (D:2)
  2 leopard geckos (D:2)
  A ball python (D:1)
  5 bats (D:1)
  9 giant cockroaches
  7 hobgoblins
  2 jackals (D:2)
  3 frilled lizards
  6 goblins
  7 kobolds
  4 rats
51 creatures vanquished.

Notes
Turn   | Place    | Note
-------+----------+-------------------------------------------
     0 | D:1      | somkeydreadnuts the Deep Elf Earth Elementalist began the
                  | quest for the Orb.
     0 | D:1      | Reached XP level 1. HP: 10/10 MP: 6/6
    97 | D:1      | Reached XP level 2. HP: 4/15 MP: 1/8
   405 | D:1      | Reached skill level 4 in Earth Magic
  1169 | D:1      | Reached XP level 3. HP: 16/19 MP: 9/9
  1716 | D:2      | Found an iron altar of Okawaru.
  2041 | D:2      | Reached skill level 1 in Short Blades
  2417 | D:2      | Noticed Natasha
  2421 | D:2      | Reached skill level 5 in Earth Magic
  2425 | D:2      | Killed Natasha
  2425 | D:2      | Reached XP level 4. HP: 24/24 MP: 6/10
  2433 | D:2      | Noticed Robin
  2457 | D:2      | Killed Robin
  2460 | D:2      | Slain by a goblin

Illustrated notes

Levels and vault maps discovered:
D:1:      wheals_arrival_shading, layout_basic, minmay_worlds_worst_comb
D:2:      layout_loops_ring, lemuel_doored_altar, zin_treasury,
          lemuel_coloured_pillars_altar, kennysheep_generic_room_16,
          uniq_natasha, uniq_jessica, uniq_robin

Skill      XL: |  1  2  3 |
---------------+----------+-----
Earth Magic    | 4 5 |  5.6
Short Blades   | 1 |  1.0
Dodging        | |  2.4
Stealth        | |  2.4
Spellcasting   | |  3.0
Transmutations | |  1.1

Action                   |  1- 3 |  4- 6 || total
-------------------------+-------+-------++-------
Melee: Dagger            |    94 |    17 ||   111
 Cast: Sandblast         |    52 |    11 ||    63
  Use: Potion            |     7 |     1 ||     8
 Stab: Sleeping          |     4 |       ||     4
Armor: Robe              |    23 |     1 ||    24
Dodge: Dodged            |    86 |    13 ||    99

Table legend: (Time is in decaauts)
 A = Elapsed time spent in this place.
 B = Non-inter-level travel time spent in this place.
 C = Inter-level travel time spent in this place.
 D = Time resting spent in this place.
 E = Time spent auto-exploring this place.
 F = Levels seen in this place.
 G = Mean time per level.
                   A        B        C        D        E       F      G
               +--------+--------+--------+--------+--------+-----+--------+
         Total |   2467 |   2467 |      0 |      0 |   1857 |   2 | 1233.5 |
       Dungeon |   2467 |   2467 |      0 |      0 |   1857 |   2 | 1233.5 |
               +--------+--------+--------+--------+--------+-----+--------+

Top non-repeatable levels by time:
     D:1: 1544 daAuts
     D:2: 922 daAuts
